 Dungeon Crawl Stone Soup version 0.26.1-11-gd32895ea62 (webtiles) character file.

Game seed: 6320008872092682733

520 phalm the Conjurer (level 7, 52/52 HPs)
             Began as a Demonspawn Conjurer on June 24, 2021.
             Quit the game on level 5 of the Dungeon.
             The game lasted 00:08:09 (5307 turns).

phalm the Conjurer (Demonspawn Conjurer)            Turns: 5307, Time: 00:08:09

Health: 52/52      AC:  4    Str:  7    XL:     7   Next: 1%
Magic:  3/12       EV: 12    Int: 21    God:
Gold:   300        SH:  0    Dex: 12    Spells: 6/13 levels left

rFire    . . .     SeeInvis .   r - +0 rapier
rCold    + . .     Faith    .   (no shield)
rNeg     . . .     Spirit   .   a - +0 robe
rPois    .         Reflect  .   (helmet restricted)
rElec    .         Harm     .   (no cloak)
rCorr    .         Rampage  .   n - +0 pair of gloves
Will     .....                  l - +0 pair of boots
Stlth    ++........             A - amulet of the acrobat
HPRegen  0.17/turn              C - ring of protection from cold
MPRegen  0.13/turn              (no ring)

@: no status effects
A: antennae 1, powered by death 2
a: no special abilities


You were on level 5 of the Dungeon.
You visited 1 branch of the dungeon, and saw 5 of its levels.

You collected 300 gold pieces.


Innate Abilities, Weirdness & Mutations

You have a pair of small antennae on your head.
You regenerate health from kills.


   Skills:
 + Level 3.2 Fighting
 - Level 1.7 Dodging
 - Level 1.7 Stealth
 + Level 3.6 Spellcasting
 + Level 5.7 Conjurations
 * Level 3.1 Translocations


You had 6 spell levels left.
You knew the following spells:

 Your Spells              Type           Power        Failure   Level
m - Magic Dart            Conj           100%         1%          1
s - Searing Ray           Conj           56%          1%          2
X - Iskenderun's Mystic   Conj/Tloc      22%          21%         4

Your spell library contained the following spells:

 Spells                   Type           Power        Failure   Level
 Gell's Gravitas          Tloc           8%           11%         3
 Dazzling Flash           Conj/Hex       30%          12%         3
 Confusing Touch          Hex            3%           36%         3
 Fulminant Prism          Conj/Hex       7%           36%         4
 Petrify                  Tmut/Erth      3%           77%         4
 Metabolic Englaciation   Hex/Ice        1%           98%         5
 Yara's Violent Unravell  Hex/Tmut       1%           98%         5

Inventory:

Hand Weapons
 r - a +0 rapier (weapon)
   (You found it on level 2 of the Dungeon)
Missiles
 k - 31 arrows
 m - 95 stones
 p - 46 sling bullets
 q - 46 bolts
Armour
 a - a +0 robe (worn)
 l - a +0 pair of boots (worn)
   (You found it on level 2 of the Dungeon)
 n - a +0 pair of gloves (worn)
   (You found it on level 2 of the Dungeon)
 w - a +2 kite shield
   (You found it on level 4 of the Dungeon)
Jewellery
 A - an amulet of the acrobat (around neck)
   (You found it on level 3 of the Dungeon)
 C - a ring of protection from cold (left hand)
   (You found it on level 3 of the Dungeon)
Wands
 x - a wand of polymorph (6)
   (You found it on level 4 of the Dungeon)
 y - a wand of iceblast (6) (quivered)
   (You found it on level 4 of the Dungeon)
Scrolls
 b - a scroll of blinking {unknown}
 e - 4 scrolls of enchant weapon {unknown}
 g - 2 scrolls of amnesia {unknown}
 h - 3 scrolls of immolation {unknown}
 i - 3 scrolls of identify {unknown}
 o - a scroll of enchant armour {unknown}
 v - a scroll of random uselessness {unknown}
 z - a scroll of remove curse {unknown}
Potions
 c - a potion of ambrosia {unknown}
 d - a potion of mutation {unknown}
 f - a potion of curing {unknown}
 j - a potion of cancellation {unknown}
 s - 3 potions of resistance {unknown}
 t - a potion of brilliance {unknown}
 u - a potion of attraction {unknown}

Dungeon Overview and Level Annotations

Branches:
Dungeon (5/15)
 Temple: D:4-7

Altars:
Sif Muna
Zin

Annotations:
D:4 dig

..##.........
g.#.........
...........
#..[......?
.)).....
.)...# #...#
#@.# #..#
##.# .# ..
#.. .# #.


You could see a gnoll.


Message History

You start resting. 😎 HP[+2] MP[+1]
Your hp is fully restored (47).
You start resting. 😎 MP[+4]
Your mp is fully restored (11).
You climb downwards.
A gnoll comes into view. It is wielding a +0 spear.
There is a stone staircase leading up here.
Casting: Searing Ray (safe; 1% risk of failure)
Confirm with . or Enter, or press ? or * to list all spells.
Aiming: Searing Ray (safe; 1% risk of failure)
Press: ? - help, Shift-Dir - straight line, f - orc priest
Aim: an orc priest, wielding a +1 dagger of venom (21% to evade)
The searing ray hits the orc priest! (Press . to maintain the ray.) 😎 MP[-2]
You lost 2 mp, and now have 9/11 mp.
The searing ray hits the orc priest.
The orc priest mumbles some strange prayers to Beogh against you.
Beogh smites you! 😕 HP[-10] MP[-1]
You take 10 damage, and now have 37/47 hp.
MASSIVE DAMAGE!! (PAUSE)
You lost 1 mp, and now have 8/11 mp.
The searing ray misses the orc priest.
The orc priest invokes the aid of Beogh against you.
You barely resist. 😕 MP[-1]
You lost 1 mp, and now have 7/11 mp.
The searing ray hits the orc priest!
You kill the orc priest!
You finish channeling your searing ray. 😕 MP[-1]
You lost 1 mp, and now have 6/11 mp.
You climb upwards.
Level annotation: dig
There is a stone staircase leading down here. 😕 HP[+1] Done exploring. 😎 HP[+9] MP[+5]
Your hp is fully restored (47).
Your mp is fully restored (11).
You climb downwards.
There is a stone staircase leading up here.
Casting: Searing Ray (safe; 1% risk of failure)
Confirm with . or Enter, or press ? or * to list all spells.
Aiming: Searing Ray (safe; 1% risk of failure)
Press: ? - help, Shift-Dir - straight line, f - gnoll
Aim: a gnoll, wielding a +0 spear (18% to evade)
The searing ray hits the gnoll! (Press . to maintain the ray.) 😎 MP[-2]
You lost 2 mp, and now have 9/11 mp.
A gnoll comes into view. It is wielding a +0 flail.
The gnoll completely misses you. 😎 MP[-1]
You lost 1 mp, and now have 8/11 mp.
Casting: Searing Ray (safe; 1% risk of failure)
Confirm with . or Enter, or press ? or * to list all spells.
Aiming: Searing Ray (safe; 1% risk of failure)
Press: ? - help, Shift-Dir - straight line, f/p - gnoll
Aim: a gnoll, wielding a +0 spear (severely wounded, 18% to evade)
The searing ray hits the gnoll!
You kill the gnoll! (Press . to maintain the ray.)
The gnoll shouts! 😎 MP[-2]
You lost 2 mp, and now have 6/11 mp.
A gnoll is nearby!
Casting: Searing Ray (safe; 1% risk of failure)
Confirm with . or Enter, or press ? or * to list all spells.
Aiming: Magic Dart (safe; 1% risk of failure)
Press: ? - help, Shift-Dir - straight line, f - gnoll
Aim: a gnoll, wielding a +0 flail (0% to evade)
The magic dart hits the gnoll.
A gnoll comes into view. It is wielding a +0 club. 😎 MP[-1]
You lost 1 mp, and now have 5/11 mp.
Casting: Magic Dart (safe; 1% risk of failure)
Confirm with . or Enter, or press ? or * to list all spells.
Aiming: Magic Dart (safe; 1% risk of failure)
Press: ? - help, Shift-Dir - straight line, f/p - gnoll
Aim: a gnoll, wielding a +0 flail (moderately wounded, 0% to evade)
The magic dart hits the gnoll. 😎 MP[-1]
You lost 1 mp, and now have 4/11 mp.
Casting: Magic Dart (safe; 1% risk of failure)
Confirm with . or Enter, or press ? or * to list all spells.
Aiming: Magic Dart (safe; 1% risk of failure)
Press: ? - help, Shift-Dir - straight line, f/p - gnoll
Aim: a gnoll, wielding a +0 flail (severely wounded, 0% to evade)
The magic dart hits the gnoll.
You kill the gnoll!
You have reached level 7!
You feel monstrous as your demonic heritage exerts itself.
Your demonic ancestry asserts itself...
A pair of antennae grows on your head! 😎 HP[+5] MP[-1]
You now have 52 max hp (+5).
Your hp is fully restored (52).
Are you sure you want to abandon this character and quit the game? (Confirm with "yes".)

Skill      XL: |  1  2  3  4  5  6 |
---------------+-------------------+-----
Fighting       | 1 2 3 |  3.2
Conjurations   | 5 |  5.7
Translocations | 1 2 3 |  3.1
Spellcasting   | 3 |  3.6
Dodging        | |  1.7
Stealth        | |  1.7

Action                   |  1- 3 |  4- 6 |  7- 9 || total
-------------------------+-------+-------+-------++-------
Melee: Rapier            |     9 |    33 |       ||    42
 Cast: Magic Dart        |    64 |    85 |       ||   149
       Searing Ray       |     6 |    17 |       ||    23
Evoke: Wand              |       |     3 |       ||     3
  Use: Potion            |     2 |     2 |       ||     4
Armor: Robe              |     4 |     9 |       ||    13
Dodge: Dodged            |     9 |    50 |       ||    59

Levels and vault maps discovered:
D:1:      giann_forest_graveyard, layout_basic
D:2:      layout_loops_cross, minivault_27, minmay_tetromino_t4
D:3:      minmay_chambers_of_twos, layout_basic, lemuel_doored_altar,
          kennysheep_generic_room_2
D:4:      layout_loops_ring, zin_scriptorium, kennysheep_generic_room_10
D:5:      layout_cave_pods, minmay_temple_entry_proselytizer,
          minmay_crystal_water

Notes
Turn   | Place    | Note
-------+----------+-------------------------------------------
     0 | D:1      | phalm the Demonspawn Conjurer began the quest for the Orb.
     0 | D:1      | Reached XP level 1. HP: 13/13 MP: 3/3
     0 | D:1      | magus.rc [v1.9.10]
   363 | D:1      | Gained mutation: You regenerate a little health from kills.
                  | [demonic ancestry]
   363 | D:1      | Reached XP level 2. HP: 20/20 MP: 1/5
   455 | D:1      | Learned a level 2 spell: Searing Ray
   952 | D:2      | Reached skill level 1 in Fighting
  1257 | D:2      | Gained mutation: You regenerate health from kills. [demonic
                  | ancestry]
  1257 | D:2      | Reached XP level 3. HP: 26/26 MP: 2/6
  2188 | D:3      | Found a shimmering blue altar of Sif Muna.
  2202 | D:3      | You pick up a book of Misfortune and begin reading...
  2202 | D:3      | You add the spells Confusing Touch, Gell's Gravitas,
                  | Petrify, Metabolic Englaciation and Yara's Violent
                  | Unravelling to your library.
  2236 | D:3      | HP: 5/26 [hound (4)]
  2244 | D:3      | Reached skill level 5 in Conjurations
  2244 | D:3      | Reached XP level 4. HP: 30/33 MP: 0/8
  2249 | D:3      | Learned a level 4 spell: Iskenderun's Mystic Blast
  2612 | D:3      | Reached skill level 2 in Fighting
  2801 | D:3      | Reached skill level 1 in Translocations
  2801 | D:3      | Reached XP level 5. HP: 32/38 MP: 1/9
  3413 | D:3      | HP: 9/38 [adder (2)]
  3417 | D:3      | Reached skill level 3 in Spellcasting
  4018 | D:4      | Found a glowing silver altar of Zin.
  4539 | D:4      | Reached skill level 2 in Translocations
  4545 | D:4      | Reached XP level 6. HP: 46/46 MP: 0/10
  4858 | D:4      | Reached skill level 3 in Fighting
  4858 | D:4      | Reached skill level 3 in Translocations
  5167 | D:5      | Entered Level 5 of the Dungeon
  5307 | D:5      | You feel monstrous as your demonic heritage exerts itself.
  5307 | D:5      | Gained mutation: You have a pair of small antennae on your
                  | head. [demonic ancestry]
  5307 | D:5      | Reached XP level 7. HP: 52/52 MP: 3/12
  5307 | D:5      | Quit the game

Vanquished Creatures
  A phantom (D:4)
  A howler monkey (D:4)
  2 hounds (D:3)
  An orc priest (D:5)
  A gnoll shaman (D:4)
  An orc wizard (D:4)
  A worker ant (D:4)
  6 adders
  6 gnolls
  5 worms
  A dart slug (D:1)
  2 leopard geckos (D:3)
  14 orcs
  6 bats
  2 giant cockroaches
  3 goblins
  8 hobgoblins
  5 jackals
  5 quokkas
  2 ball pythons (D:2)
  6 frilled lizards
  5 kobolds
  9 rats
93 creatures vanquished.

Table legend:
 A = Non-vault XP
 B = Vault XP
 C = Vault XP percentage of total XP
 D = Non-vault monster count
 E = Vault monster count
 F = Vault count percentage of total count
                 A         B        C        D         E       F
            +---------+---------+-------+---------+---------+-------
      Total |     714 |      29 |   3.9 |      80 |      13 |  14.0
            +---------+---------+-------+---------+---------+-------
        D:1 |      18 |       0 |   0.0 |      12 |       0 |   0.0
        D:2 |      61 |       8 |  11.6 |      20 |       3 |  13.0
        D:3 |     144 |      21 |  12.7 |      19 |      10 |  34.5
        D:4 |     418 |       0 |   0.0 |      25 |       0 |   0.0
        D:5 |      73 |       0 |   0.0 |       4 |       0 |   0.0
            +---------+---------+-------+---------+---------+-------

Illustrated notes

Table legend:
 A = Kills in this place as a percentage of kills in entire the game.
 B = Kills by you in this place as a percentage of kills by you in the entire game.
 C = Kills by friends in this place as a percentage of kills by friends in the entire game.
 D = Other kills in this place as a percentage of other kills in the entire game.
 E = Experience gained in this place as a percentage of experience gained in the entire game.
 F = Experience gained in this place divided by the number of levels of this place that you have seen.
                   A       B       C       D       E      F
               +-------+-------+-------+-------+-------+----------------------
         Total | 100.0 | 100.0 |   N/A |   N/A | 100.0 | 148.6
       Dungeon | 100.0 | 100.0 |   N/A |   N/A | 100.0 | 148.6
               +-------+-------+-------+-------+-------+----------------------

Table legend: (Time is in decaauts)
 A = Elapsed time spent in this place.
 B = Non-inter-level travel time spent in this place.
 C = Inter-level travel time spent in this place.
 D = Time resting spent in this place.
 E = Time spent auto-exploring this place.
 F = Levels seen in this place.
 G = Mean time per level.
                   A        B        C        D        E       F      G
               +--------+--------+--------+--------+--------+-----+--------+
         Total |   5280 |   5126 |    154 |     36 |   4559 |   5 | 1056.0 |
       Dungeon |   5280 |   5126 |    154 |     36 |   4559 |   5 | 1056.0 |
               +--------+--------+--------+--------+--------+-----+--------+

Top non-repeatable levels by time:
     D:3: 1777 daAuts
     D:4: 1409 daAuts
     D:2: 1121 daAuts
     D:1: 950 daAuts
     D:5: 22 daAuts
